 Dungeon Crawl Stone Soup version 0.31-a0-188-g5e087ee2ca (webtiles) character file.

Game seed: 13352863162634335465

14 qw the Shooter (level 2, -2/16 HPs)
             Began as a Deep Elf Hunter on June 22, 2023.
             Slain by Eustachio
             ... wielding a +0 rapier
              (5 damage)
             ... on level 4 of the Dungeon.
             The game lasted 00:00:11 (820 turns).

qw the Shooter (Deep Elf Hunter)                     Turns: 820, Time: 00:00:12

Health: -2/16      AC:  8    Str:  8    XL:     2   Next: 27%
Magic:  4/4        EV:  8    Int: 13    God:
Gold:   75         SH:  0    Dex: 18    Spells: 1/1 levels left

rFire   . . .        Y - +0 shortbow
rCold   . . .        (shield currently unavailable)
rNeg    . . .        j - +0 scale mail
rPois   .            (no helmet)
rElec   .            f - +0 cloak
rCorr   .            (no gloves)
SInv    .            e - +0 pair of boots
Will    .....        (no amulet)
Stlth   +            (no ring)
HPRegen 0.22/turn    (no ring)
MPRegen 0.09/turn

%: no passive effects
@: no status effects
A: no striking features
a: no special abilities


You were on level 4 of the Dungeon.
You visited 1 branch of the dungeon, and saw 3 of its levels.

You collected 75 gold pieces.


   Skills:
 - Level 1.5 Fighting
 + Level 6.1 Ranged Weapons
 - Level 2.4 Dodging
 - Level 1.2 Stealth


You had one spell level left.
You didn't know any spells.
Your spell library was empty.

Inventory:

Hand Weapons
 Y - a +0 shortbow (weapon)
Armour
 e - a +0 pair of boots (worn)
 f - a +0 cloak (worn)
 j - a +0 scale mail (worn)
Scrolls
 a - a scroll of acquirement {unknown}
Potions
 g - a potion of degeneration {unknown}
 h - a potion of ambrosia {unknown}

Dungeon Overview and Level Annotations

Branches:
Dungeon (2/15)

Altars:

Annotations:
D:4 Eustachio


Message History

You fall into a shaft and drop 2 floors!
The shaft crumbles and collapses.
Found a scale mail.
Waypoint 2 assigned to D:4.
a - a scroll labelled VEGHAO CATUBE Eustachio and a ball python come into view.
Eustachio shouts!
The ball python hisses angrily.
You shoot an arrow. The arrow hits the ball python!
You kill the ball python!
You shoot an arrow. The arrow closely misses Eustachio.
Eustachio casts a spell.
Eustachio blinks!
You shoot an arrow. The arrow hits Eustachio.
Eustachio is lightly wounded.
Eustachio gestures wildly while chanting.
You shoot an arrow. The arrow hits Eustachio!
Eustachio is moderately wounded.
The bat barely misses you. Eustachio barely misses you.
You shoot an arrow. The arrow closely misses Eustachio.
Eustachio completely misses you. The rat bites you but does no damage.
Eustachio hits you with a +0 rapier. The rat bites you.
You shoot an arrow. The arrow completely misses Eustachio.
The arrow hits the bat but does no damage.
Eustachio gestures wildly while chanting.
The rat closely misses you.
You shoot an arrow. The arrow closely misses Eustachio.
The arrow misses the bat.
The arrow hits the quokka but does no damage.
The rat disappears in a puff of smoke!
The bat hits you but does no damage. x2
Eustachio hits you with a +0 rapier. x2
You shoot an arrow. The arrow barely misses Eustachio.
The arrow hits the quokka!
You kill the quokka!
The quokka's corpse disappears in a puff of smoke!
The rat bites you. Eustachio hits you with a +0 rapier.
You shoot an arrow. The arrow barely misses Eustachio.
The arrow hits the bat!
You kill the bat!
The bat's corpse disappears in a puff of smoke!
The rat bites you but does no damage. Eustachio hits you with a +0 rapier.
You die...

#.# #.# #.#
#.#
############.#
#............#
#.############
#.#
###########
#@#
#..........
....%rr@#
#.#########
####.#.ยค. #.#
# ....# #.#
...... #[#
###.##.# #.#
#. .# #.# #.
.# #.#


You could see Eustachio, a quokka (summoned) and a rat (summoned).

Vanquished Creatures
  A dart slug (D:1)
  3 ball pythons
  2 endoplasms
  2 giant cockroaches (D:1)
  A goblin (D:1)
  A frilled lizard (D:1)
10 creatures vanquished.

Notes
Turn   | Place    | Note
-------+----------+-------------------------------------------
     0 | D:1      | qw the Deep Elf Hunter began the quest for the Orb.
     0 | D:1      | Reached XP level 1. HP: 12/12 MP: 3/3
     0 | D:1      | 0 ||| qw: Version: 0.3-a-9-g12657ce
     0 | D:1      | 0 ||| qw: Game counter: 2816
     0 | D:1      | 0 ||| qw: Always use a shield: true
     0 | D:1      | 0 ||| qw: God list: Okawaru
     0 | D:1      | 0 ||| qw: Allow faded altars: false
     0 | D:1      | 0 ||| qw: Do Orc after D:15 true
     0 | D:1      | 0 ||| qw: Do second Lair branch before Depths: true
     0 | D:1      | 0 ||| qw: Lair rune preference: random
     0 | D:1      | 0 ||| qw: Plans: Normal
     0 | D:1      | 0 ||| PLANNING D:1-11
   186 | D:1      | Reached XP level 2. HP: 6/16 MP: 4/4
   343 | D:1      | Reached skill level 6 in Ranged Weapons
   619 | D:1      | 619 ||| UPGRADING to +0 pair of boots.
   624 | D:1      | 624 ||| UPGRADING to +0 cloak.
   629 | D:1      | 629 ||| UPGRADING to +0 scale mail.
   639 | D:1      | 639 ||| DROPPING +0 leather armour.
   640 | D:1      | 640 ||| READING scroll labelled TIOGAGHA OWKA.
   641 | D:1      | 641 ||| DRINKING 2 emerald potions.
   642 | D:1      | 642 ||| DROPPING scroll of butterflies.
   643 | D:1      | 643 ||| DROPPING potion of attraction.
   753 | D:2      | You fall into a shaft and drop 2 floors!
   811 | D:4      | Noticed Eustachio
   819 | D:4      | HP: 3/16 [Eustachio/+0 rapier (6)]
   820 | D:4      | Slain by Eustachio

Levels and vault maps discovered:
D:1:      ncdulo_smallfort, layout_loops_ring
D:2:      layout_basic, shapermc_ecumenical_altar_mp_ritualfount, basic_altar,
          serial_bayou_ford_a
D:4:      layout_loops_ring, nicolae_shop_distant_corner_stores,
          grunt_ministairs_7, uniq_eustachio, uniq_blork_the_orc

Skill      XL: |  1  2 |
---------------+-------+-----
Ranged Weapons | 6 |  6.1
Fighting       | |  1.5
Dodging        | |  2.4
Stealth        | |  1.2

Action                     || total
---------------------------++-------
   Fire: Shortbow          ||    30
    Use: Scroll            ||     1
         Potion            ||     1
 Armour: Scale mail        ||     4
  Dodge: Dodged            ||     4

Table legend:
 A = Non-vault XP
 B = Vault XP
 C = Vault XP percentage of total XP
 D = Non-vault monster count
 E = Vault monster count
 F = Vault count percentage of total count
                 A         B        C        D         E       F
            +---------+---------+-------+---------+---------+-------
      Total |      20 |       0 |   0.0 |      10 |       0 |   0.0
            +---------+---------+-------+---------+---------+-------
        D:1 |      17 |       0 |   0.0 |       8 |       0 |   0.0
        D:2 |       2 |       0 |   0.0 |       1 |       0 |   0.0
        D:4 |       1 |       0 |   0.0 |       1 |       0 |   0.0
            +---------+---------+-------+---------+---------+-------
